 Dungeon Crawl Stone Soup version 0.31-a0-237-g2d982f9f85 (webtiles) character file.

Game seed: 2360444539472140919

1372 qw the Skirmisher (level 8, -3/64 (71) HPs)
             Began as a Minotaur Hexslinger on July 10, 2023.
             Slain by a wight
             ... wielding a +2 short sword
              (8 damage)
             ... on level 5 of the Dungeon.
             The game lasted 00:02:15 (5127 turns).

qw the Skirmisher (Minotaur Hexslinger)             Turns: 5127, Time: 00:02:16

HP:   -3/64 (71)    AC:  5    Str: 12    XL:     8   Next: 38%
MP:   8/8           EV: 13    Int: 10    God:
Gold: 241           SH:  0    Dex: 16    Spells: 8/9 levels left

rFire   . . .        Y - +1 sling (flame)
rCold   . . .        (no shield)
rNeg    . . .        a - +1 robe {Will+}
rPois   .            (helmet restricted)
rElec   .            c - +0 cloak
rCorr   .            i - +0 pair of gloves
SInv    .            (no boots)
Will    +....        (no amulet)
Stlth   +            (no ring)
HPRegen 0.30/turn    (no ring)
MPRegen 0.11/turn

%: no passive effects
@: drained
A: horns 2, retaliatory headbutt
a: no special abilities


You were on level 5 of the Dungeon.
You visited 2 branches of the dungeon, and saw 6 of its levels.
You also visited: Sewer.

You collected 265 gold pieces.
You spent 24 gold pieces at shops.


Innate Abilities, Weirdness & Mutations

You have a pair of horns on your head.
You reflexively headbutt those who attack you in melee.


   Skills:
 - Level 6.4 Fighting
 + Level 9.5 Ranged Weapons
 - Level 1.6 Armour
 - Level 3.1 Dodging
 - Level 1.0 Spellcasting
 - Level 2.0 Hexes


You had 8 spell levels left.
You knew the following spells:

 Your Spells              Type           Power      Damage    Failure   Level
a - Slow                  Hex            16%        N/A       16%         1

Your spell library contained the following spells:

 Spells                   Type           Power      Damage    Failure   Level
 Inner Flame              Hex/Fire       2%         N/A       56%         3
 Portal Projectile        Hex/Tloc       4%         N/A       56%         3
 Cause Fear               Hex            2%         N/A       83%         4

Inventory:

Hand Weapons
 Y - a +1 sling of flaming (weapon)
Armour
 a - a +1 robe of willpower (worn)
 c - a +0 cloak (worn)
 f - a +0 ring mail
 i - a +0 pair of gloves (worn)
Scrolls
 d - 2 scrolls of identify
Potions
 b - a potion of resistance {unknown}

Dungeon Overview and Level Annotations

Branches:
Dungeon (5/15)             Temple (1/1) D:4           Sewer (visited)

Altars:
Ashenzari
Dithmenos
Elyvilon
Fedhas
Gozag
Hepliaklqana
Kikubaaqudgha
Makhleb
Qazlal
Ru
Sif Muna
Uskayaw
Vehumet
Wu Jian
Xom
Yredelemnul
Zin
The Shining One

Shops:
D:3 ?


Message History

The sling bullet hits the wight but does no damage.
The wight is heavily damaged.
The wight completely misses you. You furiously retaliate!
You headbutt the wight. The wight misses you. You furiously retaliate!
You headbutt the wight. You shoot a sling bullet.
The sling bullet closely misses the wight.
You shoot a sling bullet. The sling bullet hits the wight.
The sling bullet burns the wight.
The wight is almost destroyed.
The wight hits you with a +2 short sword.
You feel drained. The wight closely misses you.
You shoot a sling bullet.
The sling bullet hits the wight but does no damage.
The wight is almost destroyed.
The wight hits you with a +2 short sword.
You feel drained.
The wight hits you from afar with a +5 halberd!
You feel drained.
You shoot a sling bullet.
The sling bullet hits the wight but does no damage.
The wight is almost destroyed.
The wight closely misses you. The wight hits you with a +0 falchion.
The wight barely misses you.
You shoot a sling bullet.
The sling bullet closely misses the wight.
The wight hits you with a +2 short sword!
The wight barely misses you.
The wight hits you from afar with a +5 halberd!
You shoot a sling bullet.
The sling bullet closely misses the wight.
The wight hits you but does no damage. The wight barely misses you.
You shoot a sling bullet.
The sling bullet closely misses the wight.
The wight misses you. The wight hits you with a +0 falchion!
You feel drained. The wight closely misses you.
You shoot a sling bullet.
The sling bullet barely misses the wight.
The wight hits you with a +2 short sword!
You die...

#.#.#.##### #..P#_._._#
. #..#..P.... ..
#..#...}.P. .##
###...#.P...# ...
###....%###+###
#####z####...#....[.....
......zz#.)###..........
#@#.## #..........
#.#.####..........
#>............####
#........####.#
#.######.... .. #.. ...
### .


You could see 3 wights.

Vanquished Creatures
  A water moccasin (D:5)
  An ogre (D:5)
  4 necrophages (D:5)
  3 bullfrogs
  3 wights (D:5)
  3 bullfrog zombies (D:5)
  A human zombie (D:5)
  Jessica (D:2)
  3 iguanas (D:4)
  Natasha (thrice) (D:3)
  An orc wizard (D:2)
  A scorpion zombie (D:5)
  A mummy (D:5)
  6 adders
  4 worms
  4 dart slugs
  13 orcs
  14 ball pythons
  17 endoplasms
  10 giant cockroaches
  8 goblins
  5 hobgoblins
  2 jackals (D:4)
  3 kobolds
  13 quokkas
  6 bats
  10 frilled lizards
  7 rats
148 creatures vanquished.

Notes
Turn   | Place    | Note
-------+----------+-------------------------------------------
     0 | D:1      | qw the Minotaur Hexslinger began the quest for the Orb.
     0 | D:1      | Reached XP level 1. HP: 16/16 MP: 1/1
     0 | D:1      | 0 ||| qw: Version: 0.3-a-52-g30416fa
     0 | D:1      | 0 ||| qw: Game counter: 5135
     0 | D:1      | 0 ||| qw: Melee chars always use a shield: true
     0 | D:1      | 0 ||| qw: God list: Okawaru
     0 | D:1      | 0 ||| qw: Allow faded altars: false
     0 | D:1      | 0 ||| qw: Do Orc after clearing Dungeon:15 true
     0 | D:1      | 0 ||| qw: Do second Lair branch before Depths: true
     0 | D:1      | 0 ||| qw: Lair rune preference: random
     0 | D:1      | 0 ||| qw: Goals: Normal
     0 | D:1      | 0 ||| PLANNING D:1-11
    64 | D:1      | Reached skill level 3 in Ranged Weapons
    64 | D:1      | Reached XP level 2. HP: 20/23 MP: 2/2
   360 | D:1      | Reached XP level 3. HP: 29/29 MP: 3/3
   451 | D:1      | 451 ||| UPGRADING to +0 pair of gloves.
   456 | D:1      | 456 ||| DROPPING +6 ring of intelligence.
   457 | D:1      | 457 ||| READING scroll labelled FUGUORGHORE.
   458 | D:1      | 458 ||| DRINKING 2 glowing white potions.
   459 | D:1      | 459 ||| DROPPING scroll of poison.
   732 | D:2      | Reached skill level 4 in Ranged Weapons
   919 | D:2      | Noticed Jessica
   930 | D:2      | Killed Jessica
   931 | D:2      | Reached XP level 4. HP: 24/36 MP: 4/4
  1166 | D:3      | 1166 ||| DRINKING potion of curing.
  1166 | D:3      | 1166 ||| (to cure confusion)
  1168 | D:3      | 1168 ||| FLEEEEING.
  1169 | D:3      | 1169 ||| FLEEEEING.
  1170 | D:3      | 1170 ||| FLEEEEING.
  1171 | D:3      | 1171 ||| FLEEEEING.
  1172 | D:3      | 1172 ||| FLEEEEING.
  1173 | D:3      | 1173 ||| FLEEEEING.
  1174 | D:3      | 1174 ||| FLEEEEING.
  1175 | D:3      | 1175 ||| FLEEEEING.
  1176 | D:3      | 1176 ||| FLEEEEING.
  1177 | D:3      | 1177 ||| FLEEEEING.
  1178 | D:3      | 1178 ||| FLEEEEING.
  1179 | D:3      | 1179 ||| FLEEEEING.
  1180 | D:3      | 1180 ||| STAIRDANCE
  1208 | D:3      | 1208 ||| STAIRDANCE
  1217 | D:2      | HP: 7/36 [orc wizard/+0 dagger (4)]
  1219 | D:2      | Reached skill level 5 in Ranged Weapons
  1497 | D:3      | Noticed Natasha
  1509 | D:3      | HP: 5/37 [Natasha (8)]
  1511 | D:3      | Killed Natasha
  1512 | D:3      | Reached skill level 3 in Fighting
  1512 | D:3      | Reached XP level 5. HP: 8/45 MP: 5/5
  1724 | D:3      | Noticed Natasha
  1735 | D:3      | Killed Natasha
  1801 | D:3      | Noticed Natasha
  1807 | D:3      | Killed Natasha
  2064 | D:3      | Found The Oracle's Delphic Readings.
  2068 | D:3      | 2068 ||| SHOPLISTING scroll of acquirement (624 gold, have
                  | 99).
  2068 | D:3      | 2068 ||| BUYING scroll of identify (24 gold).
  2068 | D:3      | Bought a scroll of identify for 24 gold pieces
  2078 | D:3      | 2078 ||| UPGRADING to +0 ring mail.
  2088 | D:3      | 2088 ||| DROPPING +0 robe.
  2089 | D:3      | 2089 ||| READING scroll labelled WINYASMYOXA.
  2090 | D:3      | 2090 ||| READING 2 scrolls of identify.
  2090 | D:3      | 2090 ||| IDENTIFYING fizzy grey potion
  2104 | D:4      | Found a staircase to the Ecumenical Temple.
  2105 | D:4      | 2105 ||| PLANNING TEMPLE
  2105 | D:4      | 2105 ||| STAIRDANCE
  2126 | Temple   | Entered the Ecumenical Temple
  2381 | Temple   | 2381 ||| PLANNING D:1-11
  2437 | D:4      | Reached skill level 1 in Armour
  2437 | D:4      | 2437 ||| FLEEEEING.
  2447 | D:4      | 2447 ||| STAIRDANCE
  2665 | D:4      | Reached skill level 6 in Ranged Weapons
  2740 | D:4      | Reached XP level 6. HP: 48/51 MP: 6/6
  3268 | D:4      | HP: 4/52 [iguana (11)]
  3269 | D:4      | 3269 ||| DRINKING potion of heal wounds.
  3678 | D:4      | Found an ornate altar of the Wu Jian Council.
  3684 | D:4      | 3684 ||| DROPPING amulet of magic regeneration.
  3685 | D:4      | 3685 ||| READING scroll labelled ZIYTET CY PAFF.
  3689 | D:4      | 3689 ||| READING 3 scrolls of identify.
  3689 | D:4      | 3689 ||| IDENTIFYING orange potion
  3690 | D:4      | 3690 ||| READING 2 scrolls of identify.
  3690 | D:4      | 3690 ||| IDENTIFYING golden potion
  3691 | D:4      | 3691 ||| DROPPING potion of lignification.
  3692 | D:4      | 3692 ||| DROPPING potion of degeneration.
  3731 | D:5      | Entered Level 5 of the Dungeon
  3732 | D:5      | 3732 ||| PLANNING SEWER
  3871 | D:5      | Found a glowing drain.
  3872 | D:5      | 3872 ||| UPGRADING to +1 robe of willpower.
  3882 | D:5      | 3882 ||| READING scroll labelled OFFADD QEGODEO.
  3892 | Sewer    | Entered a sewer
  3958 | Sewer    | 3958 ||| Stepping ~*~*~tactically~*~*~ (water).
  3976 | Sewer    | 3976 ||| Stepping ~*~*~tactically~*~*~ (water).
  4037 | Sewer    | 4037 ||| Stepping ~*~*~tactically~*~*~ (water).
  4055 | Sewer    | 4055 ||| Stepping ~*~*~tactically~*~*~ (water).
  4068 | Sewer    | 4068 ||| Stepping ~*~*~tactically~*~*~ (water).
  4084 | Sewer    | 4084 ||| Stepping ~*~*~tactically~*~*~ (water).
  4118 | Sewer    | 4118 ||| Stepping ~*~*~tactically~*~*~ (water).
  4120 | Sewer    | 4120 ||| Stepping ~*~*~tactically~*~*~ (water).
  4145 | Sewer    | 4145 ||| Stepping ~*~*~tactically~*~*~ (water).
  4150 | Sewer    | 4150 ||| Stepping ~*~*~tactically~*~*~ (water).
  4156 | Sewer    | 4156 ||| Stepping ~*~*~tactically~*~*~ (water).
  4160 | Sewer    | 4160 ||| Stepping ~*~*~tactically~*~*~ (water).
  4163 | Sewer    | Reached skill level 7 in Ranged Weapons
  4185 | Sewer    | 4185 ||| Stepping ~*~*~tactically~*~*~ (water).
  4187 | Sewer    | 4187 ||| Stepping ~*~*~tactically~*~*~ (water).
  4199 | Sewer    | 4199 ||| FLEEEEING.
  4201 | Sewer    | 4201 ||| Stepping ~*~*~tactically~*~*~ (water).
  4241 | Sewer    | 4241 ||| Stepping ~*~*~tactically~*~*~ (water).
  4246 | Sewer    | Reached XP level 7. HP: 52/59 MP: 7/7
  4306 | Sewer    | 4306 ||| UPGRADING to +0 cloak.
  4311 | Sewer    | 4311 ||| READING scroll labelled VYNE JEGRISI.
  4327 | D:5      | 4327 ||| PLANNING D:1-11
  4443 | D:5      | Reached skill level 8 in Ranged Weapons
  4539 | D:5      | Reached skill level 3 in Dodging
  4805 | D:5      | Reached skill level 9 in Ranged Weapons
  4805 | D:5      | Reached XP level 8. HP: 58/68 MP: 8/8
  4839 | D:5      | Found a basalt altar of Yredelemnul.
  4987 | D:5      | Found a white marble altar of Elyvilon.
  4989 | D:5      | Found a sacrificial altar of Ru.
  4989 | D:5      | Found a radiant altar of Vehumet.
  5007 | D:5      | Reached skill level 6 in Fighting
  5126 | D:5      | HP: 9/66 [wight/+0 falchion (9)]
  5127 | D:5      | Slain by a wight

Levels and vault maps discovered:
D:1:      dpeg_arrival_prison, layout_rooms
D:2:      layout_loops_ring, uniq_jessica
D:3:      layout_basic, nicolae_nh_oracle_at_delphi, uniq_natasha
D:4:      layout_cave_pods, pdpol_wu_jian_five_deadly_venoms, temple_fountains,
          small_statue_intersection, minmay_circle_x
D:5:      layout_basic, lemuel_mausoleum_altar_yredelemnul,
          gammafunk_temple_overflow_forgotten, gammafunk_ghost_abyssal_escape,
          portal_sewer_entry_b
Temple:   oiseaux_autumnal_temple

Skill      XL: |  1  2  3  4  5  6  7  8 |
---------------+-------------------------+-----
Ranged Weapons | 3 4 5 6 7 9 |  9.5
Fighting       | 2 3 4 5 6 |  6.4
Armour         | 1 |  1.6
Dodging        | 3 |  3.1
Spellcasting   | |  1.0
Hexes          | |  2.0

Action                     |  1- 3 |  4- 6 |  7- 9 || total
---------------------------+-------+-------+-------++-------
   Fire: Sling             |    93 |   318 |   128 ||   539
    Use: Potion            |     1 |     2 |       ||     3
         Scroll            |     1 |     6 |     1 ||     8
 Armour: Robe              |     6 |    15 |    16 ||    37
         Ring mail         |       |    32 |       ||    32
  Dodge: Dodged            |    16 |   120 |    59 ||   195

Table legend:
 A = Non-vault XP
 B = Vault XP
 C = Vault XP percentage of total XP
 D = Non-vault monster count
 E = Vault monster count
 F = Vault count percentage of total count
                 A         B        C        D         E       F
            +---------+---------+-------+---------+---------+-------
      Total |     744 |    1217 |  62.1 |      79 |      69 |  46.6
            +---------+---------+-------+---------+---------+-------
        D:1 |      36 |       5 |  12.2 |      21 |       3 |  12.5
        D:2 |      70 |      37 |  34.6 |      15 |       1 |   6.2
        D:3 |      98 |      39 |  28.5 |      15 |       3 |  16.7
        D:4 |     201 |      97 |  32.6 |      25 |       5 |  16.7
        D:5 |     339 |     754 |  69.0 |       3 |      14 |  82.4
      Sewer |       0 |     285 | 100.0 |       0 |      43 | 100.0
            +---------+---------+-------+---------+---------+-------
